 Dungeon Crawl Stone Soup version 0.20.1-1-g8b1a95d (webtiles) character file.

787398 letownia2 the Executioner (level 27, -6/267 (268) HPs)
             Began as a Deep Dwarf Necromancer on Nov 13, 2017.
             Was an Initiate of Gozag.
             Mangled by a reaper
             ... wielding a +1 scythe of freezing
             ... summoned by a guardian mummy's death curse
              (20 damage)
             ... on level 3 of the Tomb of the Ancients on Nov 14, 2017.
             The game lasted 06:37:50 (114989 turns).

letownia2 the Executioner (DDNe)                  Turns: 114989, Time: 06:37:51

HP:   -6/267 (268)  AC: 26    Str: 39    XL:     27
MP:   45/45         EV: 31    Int: 19    God:    Gozag
Gold: 4842          SH:  5    Dex: 27    Spells: 25/62 levels left

rFire    + . .     SeeInvis +   a - +6 executioner's axe of the Beginning {freeze, *Corrode rPois rF- Str+8}
rCold    + + .     Gourm    .   (shield currently unavailable)
rNeg     + + +     Faith    .   g - +0 crystal plate armour "Beasum" {rN+ Str+4 Dex+2 SInv}
rPois    +         Spirit   .   h - -2 hat of the Alchemist {rElec rPois rF+ rC+ rN+ MR+ rMut rCorr}
rElec    +         Reflect  +   l - scarf {rC+ rF+}
rCorr    +         Harm     .   q - +2 pair of gloves
rMut     +                      A - +0 pair of boots
MR       +++++                  s - +5 amulet of reflection
Stlth    ..........             w - ring "Namet" {Wiz Dex+7}
Regen    0.0/turn               j - +5 ring of evasion
MPRegen  0.3/turn

@: mighty, agile, lethally poisoned (-6 -> -14), silence (expiring), gold aura,
flying, non-regenerating, hasted and slowed
A: damage resistance, heal wounds, deformed body, negative energy resistance 1,
sense surroundings 3, no regeneration
}: 4/15 runes: decaying, serpentine, slimy, silver
a: Heal Wounds, Renounce Religion


You were on level 3 of the Tomb of the Ancients.
You worshipped Gozag.
Gozag was most pleased with you.
You were not hungry.

You visited 14 branches of the dungeon, and saw 59 of its levels.
You also visited: Trove, Ice Cave and Volcano.

You collected 41881 gold pieces.
You spent 6105 gold pieces at shops.
You paid 30934 gold pieces to Gozag.

Inventory:

Hand Weapons
 a - the +6 executioner's axe of the Beginning (weapon) {freeze, *Corrode rPois rF- Str+8}
   (You found it in a treasure trove)

   It has been specially enchanted to freeze those struck by it, causing extra
   injury to most foes and up to half again as much damage against particularly
   susceptible opponents.
   It can also slow down cold-blooded creatures.
   It affects your strength (+8).
   It makes you vulnerable to fire.
   It protects you from poison.
   It may corrode you when you take damage.
 b - the +6 arbalest "Damnation" {damnation}
   (You found it in a treasure trove)
 d - the +9 heavy crossbow "Sniper" {velocity, Acc+∞ SInv}
   (You found it on level 6 of the Dungeon)

   Any bolt fired from it inflicts extra damage.
   It lets you see invisible.
Missiles
 D - a throwing net (quivered)
 I - 2233 bolts
Armour
 g - the +0 crystal plate armour "Beasum" (worn) {rN+ Str+4 Dex+2 SInv}
   (You bought it in a shop on level 2 of the Lair of Beasts)

   It affects your strength (+4).
   It affects your dexterity (+2).
   It protects you from negative energy.
   It lets you see invisible.
 h - the -2 hat of the Alchemist (worn) {rElec rPois rF+ rC+ rN+ MR+ rMut rCorr}
   (You bought it in a shop on level 1 of the Orcish Mines)

   It protects you from fire.
   It protects you from cold.
   It insulates you from electricity.
   It protects you from poison.
   It protects you from negative energy.
   It affects your resistance to hostile enchantments.
   It protects you from acid and corrosion.
   It protects you from mutation.
 l - a scarf of resistance (worn)
 q - a +2 pair of gloves (worn)
 A - a +0 pair of boots (worn)
 T - the scarf of Gudynk {rPois rN+ Int+4}
   (You found it on level 3 of the Crypt)

   It affects your intelligence (+4).
   It protects you from poison.
   It protects you from negative energy.
Magical Staves
 e - an uncursed staff of death
 X - an uncursed staff of energy
Jewellery
 j - a +5 ring of evasion (right hand)
 s - a +5 amulet of reflection (around neck)
 w - the ring "Namet" (left hand) {Wiz Dex+7}
   (You found it on level 5 of the Pits of Slime)

   [ring of wizardry]

   It improves your spell success rate.
   It affects your dexterity (+7).
Wands
 t - a wand of disintegration (15/24)
 H - a wand of paralysis (0/24)
 P - a wand of scattershot (2/9)
 Z - a wand of digging (11/24)
Scrolls
 c - 9 scrolls of fog
 i - 16 scrolls of identify
 u - a scroll of enchant armour
 v - 3 scrolls of recharging
 x - a scroll of enchant weapon
 B - 8 scrolls of teleportation
 E - 3 scrolls of summoning
 F - 29 scrolls of remove curse
 G - 7 scrolls of immolation
 L - a scroll of magic mapping
 N - 6 scrolls of blinking
 R - 4 scrolls of silence
 V - a scroll of fear
Potions
 f - a potion of ambrosia
 k - a potion of invisibility
 m - 9 potions of haste
 n - 5 potions of berserk rage
 p - 7 potions of curing
 r - 3 potions of might
 y - 3 potions of resistance
 z - 5 potions of agility
 C - 2 potions of cancellation
 J - 7 potions of brilliance
 K - 2 potions of magic
 O - 7 potions of flight
 Q - a potion of lignification
 U - 4 potions of heal wounds
 W - 7 potions of mutation
Miscellaneous
 M - a phantom mirror
 Y - a phial of floods (inert)
Comestibles
 o - 5 royal jellies
 S - 2 meat rations


   Skills:
 - Level 20.1 Fighting
 - Level 26.3 Axes
 + Level 23.5 Crossbows
 - Level 23.7 Armour
 - Level 14.7 Dodging
 - Level 2.4 Stealth
 + Level 18.1 Spellcasting
 - Level 3.1 Conjurations
 - Level 6.4 Hexes
 - Level 6.3 Charms
 - Level 2.2 Summonings
 - Level 16.7 Necromancy
 - Level 4.0 Translocations
 - Level 4.1 Fire Magic
 - Level 8.5 Air Magic
 - Level 2.4 Poison Magic
 - Level 4.8 Evocations


You had 25 spell levels left.
You knew the following spells:

 Your Spells              Type           Power        Failure   Level  Hunger
a - Pain                  Necr           ####         0%          1    None
b - Blink                 Tloc           N/A          1%          2    None
c - Conjure Flame         Conj/Fire      ####....     4%          3    None
d - Dispel Undead         Necr           ######..     1%          5    ##.....
e - Mephitic Cloud        Conj/Pois/Air  #####...     2%          3    None
f - Ignite Poison         Fire/Tmut/Pois ####....     8%          3    None
i - Silence               Hex/Air        #####.....   8%          5    ##.....
l - Song of Slaying       Chrm           #####...     1%          2    None
p - Poisonous Vapours     Pois/Air       #####.       1%          2    None
s - Swiftness             Chrm/Air       #####...     1%          2    None
t - Shroud of Golubria    Chrm/Tloc      #####.....   1%          2    None
v - Vampiric Draining     Necr           ######....   1%          3    None
x - Spectral Weapon       Hex/Chrm       #####...     1%          3    None
z - Summon Butterflies    Summ           ####....     2%          1    None


Dungeon Overview and Level Annotations

Branches:
Dungeon (15/15)            Temple (1/1) D:4            Lair (6/6) D:9
  Swamp (4/4) Lair:2        Snake (4/4) Lair:2        Slime (5/5) Lair:5
    Orc (2/2) D:10            Elf (3/3) Orc:2        Vaults (5/5) D:14
  Crypt (3/3) Vaults:2       Tomb (3/3) Crypt:3      Depths (5/5) D:15
   Hell (1/1)                 Dis (0/7) Hell            Geh (0/7) Hell
    Coc (0/7) Hell            Tar (0/7) Hell            Zot (2/5) Depths:5

Altars:
Ashenzari
Cheibriados
Dithmenos
Elyvilon
Fedhas
Gozag
Hepliaklqana
Kikubaaqudgha
Okawaru
Qazlal
Ru
Sif Muna
Trog
Vehumet
Xom
Yredelemnul
Zin
The Shining One
Beogh
Jiyva
Lugonu

Shops:
D:8 [   D:9 [   D:13 [   Orc:1 [   Orc:2 *=%}[   Elf:1 :   Elf:2 ((   Elf:3 (}
Lair:2 *[[[[([[*([[   Snake:2 *:}=[}?   Vaults:1 (([%=   Vaults:2 *   Hell [
Depths:1 %*[(=

Portals:
Hell: Depths:1 Depths:2 Depths:3 Depths:4 Depths:5
Abyss: Depths:3 Depths:4
Pandemonium: Depths:3 Depths:4 Depths:5
Ziggurat: Depths:2

Annotations:
D:15 exclusion: Roxanne, Roxanne
Orc:1 Ymberto's ghost, journeyman HuHu
Elf:2 5 runed doors
Depths:1 3 runed doors


Innate Abilities, Weirdness & Mutations

You are resistant to damage.
You can heal yourself by infusing magical energy.
You resist negative energy. (rN+)
You passively map a large area around you.
You do not regenerate.
Armour fits poorly on your strangely shaped body.


Message History

The mummy is distracted by the nearby gold.
Unknown command.
You feel better.
You are engulfed in dark miasma.
You are poisoned.
You feel your flesh rotting away!
You feel very sick.
The greater mummy is no longer distracted by gold.
The flying skull is no longer distracted by gold.
The stone giant skeleton is no longer distracted by gold.
The jiangshi is distracted by the nearby gold.
The bennu is distracted by the nearby gold.
The bennu closely misses you. The bennu claws you. The bennu claws you!
* * * LOW HITPOINT WARNING * * *
The guardian mummy is distracted by the nearby gold.
The shadow wraith completely misses you.
You block the freezing wraith's attack.
The freezing wraith completely misses you.
The greater mummy gestures wildly while chanting.
The mummy priest utters an invocation to its god.
The reaper hits you from afar with a scythe of freezing!!
You die...
Your body crumbles into a pile of gold.

$[(...8..$^#..MM..#,$...,$$$$$$$$
:$$$(...$WM#MMM3Mz#.....$$$$$$$$$
[[$$.....88MbMWMMMW....$$$$$$$$
:}$$$......#MMVVMM# ,$$$$$$
)|"$$.^....#ZbW3Zz# $$$$,$$ *
|)[$$$....##WMz88W# ,$$$$$$$
#}):$?....##ZWM28M# $$$$$$*
##=[$}...###ZMMzbW# *$$$$$$
##:$(..## #MWWW@.#


$$$$ **####* ######## You could see 4 greater mummies, a reaper, 3 bennus, 2
ancient champions, 2 mummy priests, 2 jiangshi, a soul eater, a flayed ghost, a
sun demon, 2 shadow wraiths, 2 phantasmal warriors, 8 guardian mummies, 3
ushabtiu, 2 freezing wraiths, a spectral swamp dragon, a hungry ghost, a wraith,
a shadow, a flying skull, 6 mummies, a wight, a fire giant simulacrum, a
six-headed hydra skeleton and a stone giant skeleton.

Vanquished Creatures
  the Royal Jelly (Slime:5)
  Mara (Vaults:3)
  9 ancient liches
  Sojobo (Crypt:1)
  24 greater mummies
  the Lernaean hydra (Swamp:4)
  Bai Suzhen (Swamp:4)
  Saint Roka (Crypt:1)
  A curse toe (Crypt:2)
  Frederick (Vaults:2)
  Xtahua (Vaults:3)
  Vashnia (Snake:4)
  A golden dragon (Vaults:4)
  Geryon (Hell)
  A Brimstone Fiend (Depths:1)
  Nikola (Swamp:3)
  7 liches
  9 tentacled monstrosities
  2 Ice Fiends
  2 deep elf master archers (Elf:3)
  A quicksilver dragon (Zot:1)
  6 titans
  2 deep elf blademasters (Elf:3)
  9 ancient champions
  25 acid blobs
  Gastronok (Lair:1)
  14 sphinxes
  Kirke (D:12)
  5 death cobs (Zot:1)
  2 draconian monks
  6 storm dragons
  2 thorn hunters
  10 tengu reavers
  Donald (Crypt:2)
  12 shadow dragons
  10 azure jellies
  The ghost of dstrtn the Unseen, an adept SpAM of Gozag (Vaults:1)
  2 revenants
  3 draconian knights
  9 fire giants
  10 nagarajas
  4 iron dragons
  12 frost giants
  A ghost moth (shapeshifter) (Vaults:5)
  22 vault wardens
  A cacodemon (Hell)
  4 draconian scorchers
  5 curse skulls
  Louise (Orc:2)
  A draconian stormcaller (Zot:1)
  3 draconian shifters (Zot:1)
  8 deep elf sorcerers
  Aizul (Snake:3)
  4 balrugs
  2 draconian annihilators (Zot:1)
  13 ghouls
  4 war gargoyles
  A spriggan defender (Depths:3)
  7 deep elf elementalists
  32 ironheart preservers
  27 very ugly things
  22 stone giants
  12 reapers
  7 vampire knights
  12 bennus
  6 green draconians
  7 deep elf demonologists
  6 black draconians (Zot:1)
  4 white draconians
  4 yellow draconians
  3 red draconians
  3 lorocyprocas (Hell)
  9 deep elf annihilators
  4 purple draconians (Zot:1)
  The ghost of Darkyelf the Abyss-Baptised, a journeyman CeAK of Lugonu (Lair:3)
  20 eidola
  11 spark wasps
  20 ettins
  17 deep elf death magi
  Snorg (Orc:2)
  7 blizzard demons
  21 jiangshi
  An ettin (shapeshifter) (Depths:4)
  Josephine (D:10)
  7 death oozes
  11 great orbs of eyes
  A kraken zombie (Hell)
  10 mummy priests
  24 hydras
  5 deep elf high priests
  Erolcha (D:10)
  Fannar (Lair:2)
  27 fire dragons
  23 naga warriors
  A hydra (shapeshifter) (Vaults:3)
  19 yaktaur captains
  A great orb of eyes (shapeshifter) (Vaults:5)
  41 vault guards
  A monstrous demonspawn (Depths:5)
  17 ice dragons
  8 rakshasas
  17 anacondas
  10 death knights
  3 ghost crabs
  17 centaur warriors
  Erica (D:10)
  A catoblepas (Orc:2)
  An anaconda (shapeshifter) (Depths:3)
  3 spriggan air magi
  The ghost of Zeloya the Slicer, a journeyman KoSu of Yredelemnul (D:9)
  57 two-headed ogres
  7 deep troll shamans
  21 ogre magi
  10 death yaks
  40 death scarabs
  5 alligators
  16 deep troll earth magi
  9 tengu warriors
  3 spriggan berserkers
  A titan zombie (Crypt:2)
  3 orc high priests
  Urug (D:10)
  19 naga sharpshooters
  14 shock serpents
  15 vampire magi
  17 deep elf knights
  Nergalle (D:9)
  2 storm dragon zombies
  Sonja (D:13)
  6 shadow wraiths
  11 sun demons
  A shock serpent (shapeshifter) (Vaults:5)
  2 iron golems (Hell)
  7 soul eaters
  A titan skeleton (Crypt:2)
  24 hell knights
  6 iron trolls
  26 skeletal warriors
  7 salamander mystics
  A spriggan druid (Swamp:4)
  2 anaconda zombies (Crypt:3)
  4 unseen horrors
  9 flayed ghosts
  55 deep trolls
  A shambling mangrove (Swamp:3)
  4 glowing orange brains
  A spark wasp zombie (Depths:2)
  2 ghost moth zombies
  19 deep elf archers
  A glowing orange brain (shapeshifter) (Depths:3)
  2 wolf spider zombies (Crypt:3)
  An anaconda skeleton (Crypt:3)
  8 naga ritualists
  17 orc knights
  21 phantasmal warriors
  5 harpies
  3 wizards
  10 swamp dragons
  21 ironbrand convokers
  A shadow dragon zombie (Crypt:2)
  59 deep elf magi
  29 necromancers
  A mana viper (shapeshifter) (Vaults:5)
  12 mana vipers
  2 iron dragon zombies
  60 ugly things
  6 shining eyes
  2 orc sorcerers
  4 fire giant zombies
  2 oklob plants
  A sphinx skeleton (Depths:2)
  3 manticores
  13 wolf spiders
  7 cyclopes
  8 moths of wrath (Zot:1)
  12 salamanders
  2 stone giant zombies
  A salamander (shapeshifter) (Depths:3)
  4 frost giant zombies
  2 frost giant skeletons
  5 elephants
  A stone giant skeleton (Crypt:3)
  2 moths of wrath (shapeshifter)
  Maurice (D:13)
  45 black mambas
  17 guardian serpents
  20 vault sentinels
  2 torpor snails (shapeshifter)
  2 ice statues
  3 dire elephant zombies
  34 naga magi
  A molten gargoyle (Hell)
  A black mamba (shapeshifter) (Depths:4)
  Psyche (D:8)
  11 rust devils
  A fire giant skeleton (Tomb:1)
  2 iron dragon skeletons
  A water nymph (shapeshifter) (Vaults:5)
  3 centaur zombies
  18 spiny frogs
  2 orange demons (Hell)
  3 gargoyles
  5 eyes of devastation
  5 spectral swamp worms
  3 rime drakes
  A yaktaur zombie (Vaults:4)
  A spiny frog (shapeshifter) (Vaults:2)
  20 freezing wraiths
  14 hellwings
  6 komodo dragons
  An efreet (Volcano)
  2 kobold demonologists (D:15)
  3 anaconda simulacra
  2 demonic crawlers (Hell)
  3 komodo dragons (shapeshifter)
  2 dire elephant skeletons
  A spriggan skeleton (Depths:2)
  58 yaktaurs
  41 guardian mummies
  A redback zombie (Crypt:2)
  2 human skeletons
  6 tengu conjurers
  A minotaur zombie (Crypt:3)
  2 red devils (Hell)
  A catoblepas skeleton (Crypt:3)
  A jumping spider (shapeshifter) (Vaults:1)
  22 trolls
  2 hydra zombies (Hell)
  13 ice devils
  6 meliai (D:14)
  8 polar bears
  A hornet (shapeshifter) (Vaults:1)
  3 hydra skeletons
  24 blink frogs
  A meliai (shapeshifter) (Vaults:4)
  8 hornets
  2 wolf spider simulacra
  7 tyrant leeches
  Grinder (D:5)
  3 bog bodies
  A jumping spider zombie (Crypt:1)
  A meliai zombie (Crypt:1)
  147 slime creatures
  2 human simulacra
  2 stone giant simulacra
  A dream sheep (Lair:6)
  An ice dragon zombie (Crypt:3)
  An alligator zombie (Hell)
  An ettin zombie (Crypt:2)
  A frost giant simulacrum (Crypt:2)
  14 hippogriffs
  31 flying skulls
  A tarantella (D:13)
  A black mamba zombie (Crypt:2)
  An alligator skeleton (Hell)
  12 spriggans
  2 shadows
  2 ettin skeletons
  19 redbacks
  3 centaur simulacra
  A fire dragon skeleton (Crypt:2)
  A vampire (D:14)
  A dire elephant simulacrum (IceCv)
  9 air elementals
  4 ice dragon skeletons
  27 wraiths
  A tarantella (shapeshifter) (Elf:3)
  2 wyverns
  2 basilisks
  A yak (shapeshifter) (Depths:1)
  2 spriggans (shapeshifter) (Vaults:4)
  10 water elementals
  14 ushabtiu
  35 yaks
  2 humans
  Grum (D:10)
  4 hogs
  A golden eye (Slime:3)
  4 hungry ghosts
  11 fire elementals
  A death yak simulacrum (IceCv)
  A wind drake zombie (Crypt:2)
  A steam dragon (D:7)
  4 iron troll simulacra (IceCv)
  8 insubstantial wisps
  41 vampire mosquitoes
  87 nagas
  8 wargs
  15 swamp worms
  2 gelid demonspawn zombies
  4 acid dragons
  4 harpy simulacra (IceCv)
  3 soldier ants
  17 water moccasins
  12 porcupines
  4 hydra simulacra (IceCv)
  A torturous demonspawn skeleton (Crypt:2)
  2 human zombies
  A merfolk skeleton (Crypt:2)
  7 eyes of draining
  16 swamp drakes
  4 ice beasts
  3 spiny frog skeletons
  2 black bears (Lair:6)
  2 snapping turtle zombies (Crypt:3)
  A fire dragon simulacrum (Crypt:2)
  51 orc warriors
  A spriggan simulacrum (Depths:2)
  69 ogres
  6 sky beasts
  6 necrophages
  15 boggarts
  24 wolves
  An elephant skeleton (Crypt:2)
  4 snapping turtle skeletons
  A blink frog skeleton (Crypt:2)
  36 centaurs
  A lindwurm skeleton (Crypt:2)
  A dream sheep skeleton (Crypt:1)
  A big kobold (shapeshifter) (Depths:3)
  10 crocodiles
  A komodo dragon zombie (Crypt:2)
  6 big kobolds
  Blork the orc (D:5)
  3 earth elementals
  17 bullfrogs
  A deep troll simulacrum (Vaults:2)
  A rime drake skeleton (Crypt:1)
  A wyvern zombie (D:14)
  A yaktaur skeleton (Crypt:1)
  A glowing shapeshifter simulacrum (Vaults:3)
  11 wyvern skeletons
  3 hornet simulacra (D:14)
  7 scorpions
  A queen bee zombie (Crypt:1)
  2 elephant simulacra (IceCv)
  An orc simulacrum (Vaults:2)
  9 killer bees
  8 howler monkeys
  11 wights
  4 electric eels (D:14)
  2 bullfrog zombies
  6 crimson imps
  An elf simulacrum (Hell)
  A black bear zombie (Crypt:1)
  4 draconian simulacra (IceCv)
  17 orc priests
  7 centaur skeletons
  7 hounds
  2 jellies
  2 quasits
  5 iguanas
  29 orc wizards
  An iguana (shapeshifter) (Depths:4)
  Natasha (twice) (D:3)
  10 worker ants
  6 hell rats (Lair:4)
  3 troll simulacra (IceCv)
  A polar bear simulacrum (IceCv)
  A tengu zombie (Tomb:1)
  A tengu skeleton (Crypt:1)
  2 hound skeletons
  34 mummies
  2 worker ant zombies
  9 adders
  3 gnolls (Orc:2)
  An ogre simulacrum (IceCv)
  2 naga simulacra (IceCv)
  3 shadow imps
  4 white imps
  11 ufetubi
  2 oozes (D:3)
  An iguana zombie (Crypt:1)
  An adder skeleton (D:8)
  8 worms
  2 dart slugs
  3 leopard geckos
  92 orcs
  5 bats
  7 giant cockroaches
  5 goblins
  9 hobgoblins
  10 jackals
  25 kobolds
  A quokka (D:6)
  A ball python zombie (Crypt:2)
  3 frilled lizards
  A gnoll zombie (Crypt:2)
  A jackal skeleton (Crypt:1)
  A kobold skeleton (Crypt:2)
  2 leopard gecko skeletons
  A leopard gecko zombie (D:7)
  A quokka skeleton (D:5)
  2 quokka zombies
  A rat (D:1)
  4 briar patches (Swamp:2)
  A plant (Swamp:2)
  A tentacle (Hell)
  6 withered plants (Crypt:3)
3334 creatures vanquished.

Vanquished Creatures (collateral kills)
  An ironheart preserver (Vaults:2)
  A necromancer (Vaults:2)
  A vault sentinel (Vaults:2)
3 creatures vanquished.

Vanquished Creatures (others)
  An ancient champion (Tomb:2)
  A fire giant (Depths:1)
  Nessos (D:13)
  An ice dragon (Vaults:5)
  A vault guard (Vaults:3)
  15 dancing weapons
  13 death scarabs (Tomb:2)
  A shock serpent (shapeshifter) (Vaults:2)
  A deep elf knight (Elf:3)
  A shadow wraith (Vaults:2)
  A phantasmal warrior (Vaults:5)
  A deep elf archer (Vaults:3)
  2 deep elf magi (Elf:1)
  A salamander (Snake:4)
  A naga mage (Snake:1)
  A yaktaur (Vaults:2)
  A hydra skeleton (Tomb:2)
  A flying skull (Tomb:2)
  A human (D:13)
  A swamp worm (Swamp:3)
  An ogre (Vaults:5)
  A boggart (Elf:1)
  2 mummies (Tomb:2)
  2 orcs (Vaults:5)
  A kobold (D:13)
  A briar patch (Swamp:2)
  3 fungi
  4 plants
  3 tentacles (Hell)
  9 withered plants (Crypt:3)
74 creatures vanquished.

Grand Total: 3411 creatures vanquished

Notes
Turn   | Place    | Note
-------+----------+-------------------------------------------
     0 | D:1      | letownia2 the Deep Dwarf Necromancer began the quest for the Orb.
     0 | D:1      | Reached XP level 1. HP: 15/15 MP: 3/3
   150 | D:2      | Reached XP level 2. HP: 22/22 MP: 1/5
   468 | D:3      | Reached skill level 5 in Necromancy
   468 | D:3      | Reached XP level 3. HP: 28/28 MP: 4/6
   969 | D:3      | Learned a level 3 spell: Vampiric Draining
  1027 | D:4      | Reached XP level 4. HP: 21/36 MP: 0/7
  1273 | D:4      | Noticed an ogre
  1456 | D:3      | Noticed Natasha
  1461 | D:3      | Killed Natasha
  1652 | D:4      | Killed an ogre
  1652 | D:4      | Reached XP level 5. HP: 35/42 MP: 0/8
  1838 | D:4      | Reached XP level 6. HP: 47/49 MP: 3/9
  2179 | D:4      | Found a staircase to the Ecumenical Temple.
  2304 | Temple   | Entered the Ecumenical Temple
  2312 | Temple   | Became a worshipper of Gozag Ym Sagoz the Greedy
  2456 | D:3      | Noticed Natasha
  2462 | D:3      | Killed Natasha
  2795 | D:2      | Found a glowing golden altar of the Shining One.
  4261 | D:5      | Entered Level 5 of the Dungeon
  4312 | D:5      | Reached skill level 1 in Armour
  4312 | D:5      | Reached XP level 7. HP: 44/56 MP: 3/11
  4331 | D:5      | Noticed Blork the orc
  4342 | D:5      | Killed Blork the orc
  4342 | D:5      | Reached skill level 1 in Fighting
  4849 | D:5      | Found a hazy altar of Hepliaklqana.
  4862 | D:5      | Noticed Grinder
  4877 | D:5      | Killed Grinder
  4886 | D:5      | Found a stormy altar of Qazlal.
  4961 | D:4      | Reached XP level 8. HP: 24/68 MP: 10/14
  5554 | D:6      | Reached skill level 5 in Spellcasting
  5677 | D:6      | Found a glowing golden altar of the Shining One.
  5987 | D:7      | Got a polished shield
  6499 | D:7      | Gained mutation: You passively map the area around you. [Deep Dwarf growth]
  6499 | D:7      | Reached XP level 9. HP: 63/76 MP: 15/19
  7070 | D:7      | Found a glowing silver altar of Zin.
  7075 | D:7      | Found a shattered altar of Ashenzari.
  7078 | D:7      | Found a blossoming altar of Fedhas.
  7118 | D:7      | Identified the +5 shield "Agehokep" {rC++ Int-4} (You found it on level 7 of the Dungeon)
  7346 | D:8      | Noticed Psyche
  7352 | D:8      | Killed Psyche
  7365 | D:8      | Found a sacrificial altar of Ru.
  7494 | D:8      | Reached skill level 1 in Evocations
  7597 | D:8      | Noticed a two-headed ogre
  7613 | D:8      | Bought a pair of ancient gloves for 247 gold pieces
  7618 | D:8      | Identified the cursed +0 pair of gloves of a Million Planets {MR- Dex+5} (You bought it in a shop on level 8 of the Dungeon)
  7627 | D:9      | Reached XP level 10. HP: 74/84 MP: 23/23
  7651 | D:9      | Noticed Zeloya's ghost (journeyman KoSu)
  7919 | D:9      | Killed Zeloya's ghost
  8047 | D:9      | Found a staircase to the Lair.
  8298 | D:9      | Reached skill level 10 in Necromancy
  8432 | D:9      | Noticed a two-headed ogre
  8439 | D:9      | Killed a two-headed ogre
  8439 | D:9      | Reached skill level 5 in Fighting
  8899 | D:9      | Found Omephe's Armour Boutique.
  8934 | D:9      | Found a roughly hewn altar of Beogh.
  8990 | Lair:1   | Entered Level 1 of the Lair of Beasts
  9061 | Lair:1   | Noticed a spiny frog
  9066 | Lair:1   | Reached skill level 1 in Crossbows
  9085 | Lair:1   | Reached XP level 11. HP: 73/97 MP: 10/24
  9498 | Lair:1   | Noticed Gastronok
  9723 | Lair:2   | Found a staircase to the Swamp.
  9844 | Lair:2   | Found a staircase to the Snake Pit.
  9970 | Lair:2   | Noticed Fannar
 10078 | Lair:2   | Killed Fannar
 10369 | Lair:2   | Got a crystal short sword
 10391 | Lair:2   | Identified the +1 short sword of Balance {pierce, Fragile +Rage Int-4 Stlth+} (You found it on level 2 of the Lair of Beasts)
 10477 | Lair:2   | Found a shadowy altar of Dithmenos.
 10741 | D:10     | Entered Level 10 of the Dungeon
 10741 | D:10     | Noticed Erolcha
 10741 | D:10     | Noticed a two-headed ogre
 10745 | D:10     | Killed Erolcha
 10748 | D:10     | Killed a two-headed ogre
 10847 | D:10     | Noticed Nergalle
 10873 | D:9      | Killed Nergalle
 11124 | D:10     | Found a staircase to the Orcish Mines.
 11180 | D:10     | Reached XP level 12. HP: 94/110 MP: 13/25
 11328 | D:10     | Noticed a two-headed ogre
 11332 | D:10     | Killed a two-headed ogre
 11374 | D:10     | Noticed a two-headed ogre
 11375 | D:10     | Noticed Erica
 11385 | D:10     | Killed a two-headed ogre
 11414 | D:10     | Noticed Josephine
 11431 | D:10     | Noticed Urug
 11562 | D:10     | Noticed a two-headed ogre
 11584 | D:10     | Killed Erica
 11826 | D:10     | Killed a two-headed ogre
 12285 | D:11     | Noticed a two-headed ogre
 12290 | D:11     | Killed a two-headed ogre
 12394 | D:11     | Reached skill level 5 in Crossbows
 12898 | D:11     | Reached skill level 5 in Armour
 13069 | Orc:1    | Entered Level 1 of the Orcish Mines
 13169 | Orc:1    | Found a dark tunnel.
 13215 | Orc:1    | Noticed an orc high priest
 13219 | Orc:1    | Killed an orc high priest
 13323 | Orc:2    | Entered Level 2 of the Orcish Mines
 13343 | Orc:1    | Reached skill level 1 in Axes
 13370 | Orc:1    | Bought the -2 hat of the Alchemist {rElec rPois rF+ rC+ rN+ MR+ rMut rCorr} for 660 gold pieces
 13372 | Volcano  | Entered a volcano
 13417 | Volcano  | Noticed a stone giant
 13419 | Volcano  | Reached skill level 2 in Axes
 13430 | Volcano  | Killed a stone giant
 13430 | Volcano  | Reached skill level 3 in Axes
 13446 | Volcano  | Reached skill level 4 in Axes
 13769 | Orc:1    | Noticed Ymberto's ghost (journeyman HuHu)
 13789 | Orc:2    | Found Siraefoh's Assorted Antiques.
 13841 | Orc:2    | Noticed Snorg
 13891 | Orc:2    | Killed Snorg
 13891 | Orc:2    | Reached skill level 5 in Axes
 13891 | Orc:2    | Reached XP level 13. HP: 69/120 MP: 16/26
 13965 | Orc:2    | Found a staircase to the Elven Halls.
 14282 | Orc:2    | Reached skill level 6 in Axes
 14649 | Orc:2    | Reached skill level 7 in Axes
 14828 | Orc:2    | Reached skill level 8 in Axes
 15285 | Orc:2    | Reached skill level 9 in Axes
 15736 | Orc:2    | Found Taevi's Antique Armour Emporium.
 16199 | Orc:2    | Found Onnaj's Food Boutique.
 16207 | Orc:2    | Found Taricsic's Jewellery Emporium.
 16212 | Orc:2    | Found Plog's Gadget Shoppe.
 16420 | Orc:2    | Noticed an orc warlord
 16503 | Orc:2    | an orc warlord changed into a catoblepas
 16653 | Lair:3   | Reached skill level 10 in Axes
 16895 | Lair:3   | Noticed Darkyelf's ghost (journeyman CeAK)
 16905 | Lair:3   | Killed Darkyelf's ghost
 16905 | Lair:3   | Gained mutation: You resist negative energy. (rN+) [Deep Dwarf growth]
 16905 | Lair:3   | Reached XP level 14. HP: 112/127 MP: 25/27
 17097 | Lair:3   | Reached skill level 10 in Armour
 17761 | Lair:2   | Learned a level 1 spell: Summon Butterflies
 18011 | D:10     | Noticed Grum
 18026 | D:10     | Killed Grum
 18062 | D:10     | Killed Urug
 18319 | D:10     | Killed Josephine
 18319 | D:10     | Reached skill level 11 in Axes
 19268 | D:12     | Reached skill level 12 in Axes
 19571 | D:13     | Noticed Kirke
 19630 | D:12     | Killed Kirke
 19805 | D:13     | Found Izus's Antique Armour Emporium.
 19884 | D:13     | Noticed Maurice
 19899 | D:13     | Killed Maurice
 20104 | D:13     | Noticed Nessos
 20130 | D:13     | Killed Nessos
 20130 | D:13     | Reached skill level 13 in Axes
 20203 | D:13     | Noticed Sonja
 20208 | D:13     | Killed Sonja
 20299 | D:13     | Identified the Collected Works on the Traveller and Enhancements
 20303 | D:13     | Learned a level 2 spell: Blink
 20711 | Snake:1  | Entered Level 1 of the Snake Pit
 20772 | Snake:1  | Found a white marble altar of Elyvilon.
 20786 | Snake:1  | Reached skill level 14 in Axes
 21668 | Snake:1  | Reached XP level 15. HP: 82/135 MP: 21/28
 22002 | Snake:1  | Reached skill level 15 in Axes
 22037 | Snake:1  | Got a jewelled dagger
 22038 | Snake:1  | Identified the +8 dagger "Jivvavue" {flame, *Rage rPois rF+} (You found it on level 1 of the Snake Pit)
 22560 | Snake:1  | Reached skill level 10 in Fighting
 23123 | Snake:1  | Reached skill level 16 in Axes
 23486 | Snake:1  | Noticed a nagaraja
 23494 | Snake:1  | Killed a nagaraja
 24238 | D:14     | Reached skill level 17 in Axes
 24354 | D:14     | Found a gate to the Vaults.
 24575 | D:14     | Reached XP level 16. HP: 127/146 MP: 2/29
 25024 | D:14     | Reached skill level 18 in Axes
 25039 | D:14     | Got a pair of bloodstained gloves
 25092 | D:14     | Identified the +1 pair of gloves of Feucuot {rPois Regen+ Str-4 SInv} (You found it on level 14 of the Dungeon)
 25286 | D:14     | Reached skill level 5 in Dodging
 25723 | Snake:2  | Found Rarchum's Antique Armour Shoppe.
 26028 | Snake:2  | Found Idghegup's General Store.
 26029 | Snake:2  | Found Gieppof's Book Shoppe.
 26153 | Snake:2  | Found Mouqifig's Gadget Shop.
 26154 | Snake:2  | Found Goobap's Jewellery Shoppe.
 26155 | Snake:2  | Found Iplonidde's Gadget Shop.
 26233 | Snake:2  | Found Guqaanon's Magic Scroll Shop.
 27126 | Snake:3  | Reached skill level 19 in Axes
 27303 | Snake:3  | Found an opulent altar of Gozag.
 27322 | Snake:3  | Noticed Aizul
 27338 | Snake:3  | Killed Aizul
 27827 | Snake:3  | Found a deep blue altar of Sif Muna.
 28023 | Snake:3  | Found a snail-covered altar of Cheibriados.
 28427 | Snake:4  | Entered Level 4 of the Snake Pit
 29380 | Snake:4  | Noticed Vashnia
 29544 | Lair:4   | Reached XP level 17. HP: 105/156 MP: 16/30
 29796 | Lair:1   | Killed Gastronok
 29890 | Elf:1    | Entered Level 1 of the Elven Halls
 29959 | Elf:1    | Found a frozen archway.
 29967 | IceCv    | Entered an ice cave
 30102 | IceCv    | Got a pitted ivory ring
 30261 | IceCv    | Identified the ring of the Ageless Stars {MR+ AC+3 Int-3 Stlth+} (You found it in an ice cave)
 30656 | IceCv    | Noticed an Ice Fiend
 30661 | IceCv    | Killed an Ice Fiend
 30661 | IceCv    | Reached skill level 20 in Axes
 30759 | IceCv    | Got a brightly glowing glass ring
 30761 | IceCv    | Identified the ring of the Final Chapter {*Tele rC+ Str+5 Int+4} (You found it in an ice cave)
 30771 | IceCv    | Got a scorched falchion
 30772 | IceCv    | Identified the +8 falchion of Domination {slice, Dex+3} (You found it in an ice cave)
 30824 | Elf:1    | Found Igudedig's Book Boutique.
 30904 | Elf:1    | Noticed Louise
 31855 | Orc:2    | Killed Louise
 32351 | Elf:1    | Reached skill level 15 in Armour
 32926 | Lair:5   | Found a viscous altar of Jiyva.
 32926 | Lair:5   | Found a staircase to the Slime Pits.
 33217 | D:15     | Entered Level 15 of the Dungeon
 33393 | D:15     | Noticed Roxanne
 33713 | D:15     | Found a staircase to the Depths.
 34420 | Snake:4  | Reached skill level 10 in Spellcasting
 35052 | Swamp:1  | Entered Level 1 of the Swamp
 35066 | Swamp:1  | Gained mutation: You passively map a large area around you. [Deep Dwarf growth]
 35066 | Swamp:1  | Reached XP level 18. HP: 136/165 MP: 32/32
 36949 | Swamp:3  | Noticed Nikola
 37060 | Swamp:3  | Killed Nikola
 37847 | Swamp:3  | Reached skill level 10 in Crossbows
 39020 | Elf:2    | Got a faintly glowing wooden ring
 39023 | Elf:2    | Identified the ring of Gozerchas {*Slow +Fly rPois MR+ Int+4} (You found it on level 2 of the Elven Halls)
 39300 | Elf:2    | Found a huge runed gate.
 39300 | Elf:2    | Found a huge runed gate.
 39300 | Elf:2    | Found a huge runed gate.
 39304 | Elf:2    | Found a huge runed gate.
 39304 | Elf:2    | Found a huge runed gate.
 39344 | Elf:2    | Found Poan's Antique Weapon Boutique.
 39375 | Elf:2    | Found Helexzur's Antique Weapon Boutique.
 39416 | Elf:2    | Noticed a Tzitzimitl
 39625 | Elf:3    | Entered Level 3 of the Elven Halls
 39958 | Elf:3    | Found Hawaq's Gadget Shoppe.
 39968 | Elf:3    | Found Oniqonn's Antique Weapon Emporium.
 40771 | Elf:3    | Reached XP level 19. HP: 139/182 MP: 20/33
 40850 | Elf:3    | Reached skill level 15 in Necromancy
 41832 | Swamp:4  | Entered Level 4 of the Swamp
 42107 | Swamp:4  | Noticed Bai Suzhen
 42143 | Swamp:4  | Killed Bai Suzhen
 42295 | Swamp:4  | Noticed the 27-headed Lernaean hydra
 42712 | Elf:3    | Got a coiled glass ring
 42844 | Elf:3    | Identified the ring "Reyly" {+Fly rC- Int+2 Stlth-} (You took it off a deep elf mage on level 3 of the Elven Halls)
 43007 | Elf:3    | Identified the Incunabulum of Poisonous Heat
 43015 | Elf:3    | Learned a level 2 spell: Song of Slaying
 43018 | Elf:3    | Learned a level 2 spell: Shroud of Golubria
 43022 | Elf:3    | Learned a level 3 spell: Spectral Weapon
 43144 | Elf:3    | Learned a level 2 spell: Swiftness
 43149 | Elf:3    | Got a warped morningstar {crush}
 43150 | Elf:3    | Identified the +11 morningstar of Crystal {crush, *Contam rN+ Dex+6} (You took it off a deep elf sorcerer on level 3 of the Elven Halls)
 43448 | Snake:4  | Reached skill level 1 in Hexes
 43464 | Snake:4  | Killed Vashnia
 43464 | Snake:4  | Reached skill level 1 in Charms
 43464 | Snake:4  | Reached skill level 1 in Translocations
 43464 | Snake:4  | Reached skill level 1 in Air Magic
 45080 | Snake:3  | Reached skill level 5 in Charms
 45430 | Snake:4  | Reached XP level 20. HP: 179/192 MP: 13/34
 45574 | Snake:4  | Got a serpentine rune of Zot
 45739 | Lair:2   | Bought an encrusted crystal plate armour for 2975 gold pieces
 45749 | Lair:2   | Identified the cursed +0 crystal plate armour "Beasum" {rN+ Str+4 Dex+2 SInv} (You bought it in a shop on level 2 of the Lair of Beasts)
 45886 | Vaults:1 | Entered Level 1 of the Vaults
 46327 | Vaults:1 | Found Pafefekh's Antique Weapon Emporium.
 46353 | Vaults:1 | Reached skill level 15 in Fighting
 46492 | Vaults:1 | Found Kuxzu's Antique Weapon Boutique.
 46523 | Vaults:1 | Noticed dstrtn's ghost (adept SpAM)
 46573 | Vaults:1 | Killed dstrtn's ghost
 46888 | Vaults:1 | Found Feetyze's Jewellery Shop.
 47155 | Vaults:1 | Found Uckynnut's Food Boutique.
 47323 | Vaults:1 | Found Bucuefopp's Antique Armour Emporium.
 47721 | Vaults:2 | Found Xurr's General Store.
 48038 | Vaults:2 | Found a staircase to the Crypt.
 48038 | Vaults:2 | Found an ancient bone altar of Kikubaaqudgha.
 48039 | Vaults:2 | Found a basalt altar of Yredelemnul.
 48071 | Vaults:2 | Noticed Frederick
 49170 | Vaults:2 | Reached XP level 21. HP: 138/205 MP: 35/35
 49212 | Vaults:2 | Killed Frederick
 50894 | Vaults:3 | Noticed Mara
 50903 | Vaults:3 | Noticed letownia2's illusion
 51202 | Vaults:3 | Noticed letownia2's illusion
 51689 | Vaults:3 | Noticed Xtahua
 51711 | Vaults:3 | Killed Xtahua
 52195 | Lair:6   | Entered Level 6 of the Lair of Beasts
 52836 | Lair:6   | Learned a level 3 spell: Conjure Flame
 52840 | Lair:6   | Learned a level 3 spell: Mephitic Cloud
 52843 | Lair:6   | Learned a level 2 spell: Poisonous Vapours
 52863 | Lair:6   | Reached skill level 1 in Summonings
 52866 | Lair:6   | Reached skill level 1 in Conjurations
 53576 | Vaults:3 | Reached skill level 1 in Fire Magic
 53659 | Vaults:3 | Noticed letownia2's illusion
 53663 | Vaults:3 | Killed Mara
 53663 | Vaults:3 | Reached skill level 1 in Poison Magic
 53663 | Vaults:3 | Reached XP level 22. HP: 208/218 MP: 36/36
 54802 | Vaults:4 | Reached skill level 5 in Air Magic
 55702 | Slime:1  | Entered Level 1 of the Pits of Slime
 56206 | Slime:5  | Entered Level 5 of the Pits of Slime
 57377 | Slime:5  | Found a viscous altar of Jiyva.
 57377 | Slime:5  | Noticed the Royal Jelly
 57508 | Slime:3  | HP: 10/214 [acid (7)]
 57514 | Slime:2  | HP: 5/214 [acid blob/splash of acid (2)]
 57514 | Slime:2  | HP: 2/214 [acid (3)]
 58055 | Slime:1  | Reached XP level 23. HP: 133/226 MP: 17/39
 59205 | Crypt:1  | Entered Level 1 of the Crypt
 59785 | Crypt:1  | Noticed Saint Roka
 59825 | Crypt:1  | Killed Saint Roka
 61112 | Swamp:4  | Got a decaying rune of Zot
 61275 | Swamp:4  | Killed the 27-headed Lernaean hydra
 61820 | Crypt:1  | Found an ancient bone altar of Kikubaaqudgha.
 62907 | Vaults:5 | Entered Level 5 of the Vaults
 64612 | Vaults:4 | Reached XP level 24. HP: 180/240 MP: 12/40
 65768 | Vaults:5 | Noticed an ancient lich
 66654 | Snake:2  | Bought a bread ration for 65 gold pieces
 66981 | Vaults:5 | Got a twitching iron amulet
 67161 | Vaults:5 | Got a silver rune of Zot
 67210 | Vaults:5 | Killed an ancient lich
 67290 | Vaults:5 | Noticed an ancient lich
 67310 | Vaults:5 | Killed an ancient lich
 67469 | Vaults:5 | Got a heavily runed scarf
 67480 | Vaults:5 | Identified the cursed scarf of Generosity {rC- MR+ rCorr} (You found it on level 5 of the Vaults)
 68836 | Vaults:5 | Identified the amulet "Hennusae" {Spirit rC+} (You took it off a deep elf elementalist on level 5 of the Vaults)
 69252 | Depths:1 | Entered Level 1 of the Depths
 69634 | Depths:1 | Found Zimaorez's General Store.
 69639 | Depths:1 | Found Koemiaq's Food Shop.
 69825 | Depths:1 | Got a crude golden ring
 70100 | Depths:1 | Found a runed gate.
 70100 | Depths:1 | Found a runed gate.
 70100 | Depths:1 | Found a runed gate.
 70100 | Depths:1 | Found a runed gate.
 70100 | Depths:1 | Found a runed gate.
 70100 | Depths:1 | Found a runed gate.
 70425 | Depths:1 | Found a gateway to Hell.
 70567 | Depths:1 | Reached XP level 25. HP: 234/252 MP: 22/40
 71442 | Depths:2 | Reached skill level 10 in Dodging
 71650 | Depths:2 | Identified the ring "Kyfong" {rElec rPois rF+++ rC- MR- Int+5} (You found it on level 1 of the Depths)
 71996 | Depths:2 | Found a gateway to a ziggurat.
 73421 | Crypt:1  | Noticed Sojobo
 73448 | Crypt:1  | Killed Sojobo
 74003 | Crypt:2  | Noticed Donald
 74009 | Crypt:2  | Killed Donald
 75963 | Crypt:2  | Reached skill level 15 in Crossbows
 76166 | Crypt:2  | Reached XP level 26. HP: 138/261 MP: 41/41
 76279 | Crypt:2  | Noticed an ancient lich
 76294 | Crypt:3  | Entered Level 3 of the Crypt
 76480 | Crypt:2  | Killed an ancient lich
 77860 | Crypt:3  | Found a staircase to the Tomb.
 77860 | Crypt:3  | Noticed a greater mummy
 77883 | Crypt:3  | Killed a greater mummy
 78514 | Depths:3 | Found a one-way gate leading to the halls of Pandemonium.
 78869 | Depths:1 | Bought a meat ration for 50 gold pieces
 78869 | Depths:1 | Bought a meat ration for 50 gold pieces
 78869 | Depths:1 | Bought a meat ration for 50 gold pieces
 79735 | Crypt:3  | Found an ancient bone altar of Kikubaaqudgha.
 80048 | Crypt:3  | Got a pitted scarf
 80059 | Crypt:3  | Identified the scarf of Gudynk {rPois rN+ Int+4} (You found it on level 3 of the Crypt)
 80114 | Crypt:3  | Noticed an ancient lich
 80132 | Crypt:3  | Killed an ancient lich
 80158 | Crypt:3  | Noticed an ancient lich
 80161 | Crypt:3  | Killed an ancient lich
 80812 | Crypt:3  | Got a sparkling iron amulet
 80820 | Crypt:3  | Identified the amulet of Piuruoha {Spirit rF+ Dex+4} (You found it on level 3 of the Crypt)
 80854 | Crypt:3  | Noticed an ancient lich
 80857 | Crypt:3  | Killed an ancient lich
 81385 | Slime:3  | Found a viscous altar of Jiyva.
 82658 | Slime:5  | Killed the Royal Jelly
 82704 | Slime:5  | Learned a level 3 spell: Ignite Poison
 82728 | Slime:5  | Got a shimmering steel ring
 82729 | Slime:5  | Identified the ring "Namet" {Wiz Dex+7} (You found it on level 5 of the Pits of Slime)
 82749 | Slime:5  | Got a heavily runed glass ring
 82771 | Slime:5  | Identified the ring of Xom's Entertainment {*Contam rC++ MR+ Stlth-} (You found it on level 5 of the Pits of Slime)
 82825 | Slime:5  | Got a slimy rune of Zot
 82974 | Lair:2   | Learned a level 5 spell: Dispel Undead
 82980 | Lair:2   | Learned a level 5 spell: Silence
 83119 | Slime:5  | Reached XP level 27. HP: 245/268 MP: 22/41
 83721 | Depths:3 | Reached skill level 15 in Spellcasting
 84183 | Depths:3 | Reached skill level 21 in Axes
 84339 | Depths:3 | Found a runed door.
 84339 | Depths:3 | Found a runed door.
 84363 | Depths:3 | Found a runed door.
 84364 | Depths:3 | Found a runed door.
 84365 | Depths:3 | Found a one-way gate to the infinite horrors of the Abyss.
 84366 | Depths:3 | Found a runed door.
 84810 | Depths:3 | Found a portal to a secret trove of treasure.
 85178 | Lair:2   | Bought +1 storm dragon scales for 1218 gold pieces
 85448 | Depths:3 | You paid a toll of +3 storm dragon scales to enter a treasure trove
 85449 | Trove    | Entered a treasure trove
 85474 | Trove    | Got a slimy executioner's axe
 85478 | Trove    | Identified the +6 executioner's axe of the Beginning {freeze, *Corrode rPois rF- Str+8} (You found it in a treasure trove)
 85483 | Trove    | Got a smoking whip
 85491 | Trove    | Got a shimmering scarf
 85507 | Trove    | Got a polished plate armour
 85521 | Trove    | Got an ancient golden ring
 85529 | Trove    | Got a sparkling silver ring
 85535 | Trove    | Got a slimy war axe
 85550 | Trove    | Identified the cursed +1 plate armour "Otehev" {rElec} (You found it in a treasure trove)
 85560 | Trove    | Identified the scarf "Hiokewey" {Dex+2} (You found it in a treasure trove)
 85560 | Trove    | Identified the ring of Veaqited {+Inv Stlth-} (You found it in a treasure trove)
 85561 | Trove    | Identified the ring "Huiquroj" {Dex+4 SInv} (You found it in a treasure trove)
 85566 | Trove    | Identified the +5 war axe "Beastbane" {freeze, rF+ Int+3} (You found it in a treasure trove)
 85567 | Trove    | Identified the +3 whip of Defiance {antimagic, Int+7} (You found it in a treasure trove)
 85609 | Trove    | Got a smoking buckler
 85616 | Trove    | Identified the -2 buckler of the Elven Halls {rC+ Dex+3 Slay+4} (You found it in a treasure trove)
 85626 | Trove    | Got a crude buckler
 85632 | Trove    | Identified the +1 buckler of Okawaru's Hope {rF+ Dex+3} (You found it in a treasure trove)
 85923 | Hell     | Entered the Vestibule of Hell
 86071 | Hell     | Noticed Geryon
 86077 | Hell     | Reached skill level 22 in Axes
 86482 | Hell     | Killed Geryon
 86551 | Hell     | Found a gateway to the ashen valley of Gehenna.
 87140 | Hell     | Reached skill level 23 in Axes
 87253 | Hell     | Found a gateway to the Iron City of Dis.
 87295 | Hell     | Found a gateway to the freezing wastes of Cocytus.
 87460 | Hell     | Found a gateway to the decaying netherworld of Tartarus.
 87472 | Hell     | Gained mutation: Armour fits poorly on your strangely shaped body. [a cacodemon]
 87809 | Depths:4 | Found a corrupted altar of Lugonu.
 88698 | Depths:4 | Reached skill level 24 in Axes
 89523 | Depths:5 | Entered Level 5 of the Depths
 89822 | Depths:5 | Reached skill level 25 in Axes
 90620 | Depths:5 | Found a gate to the Realm of Zot.
 91493 | Tomb:1   | Entered Level 1 of the Tomb of the Ancients
 91812 | Tomb:1   | Reached skill level 26 in Axes
 92981 | Zot:1    | Entered Level 1 of the Realm of Zot
 93103 | Zot:1    | Reached skill level 5 in Hexes
 94131 | Depths:1 | Bought a bread ration for 50 gold pieces
 94131 | Depths:1 | Bought a bread ration for 50 gold pieces
 94131 | Depths:1 | Bought a bread ration for 50 gold pieces
 94593 | Tomb:1   | Noticed a greater mummy
 94596 | Tomb:1   | Noticed a greater mummy
 94609 | Tomb:1   | Killed a greater mummy
 94618 | Tomb:1   | Killed a greater mummy
 98061 | Tomb:2   | Noticed a greater mummy
 98074 | Tomb:2   | Killed a greater mummy
 98100 | Tomb:2   | Noticed a greater mummy
 98101 | Tomb:2   | Noticed an ancient lich
 98938 | Zot:1    | HP: 12/268 [death cob (12)]
101621 | Tomb:2   | Noticed a greater mummy
101630 | Tomb:2   | Killed a greater mummy
101634 | Tomb:2   | Noticed a greater mummy
101644 | Tomb:2   | Killed a greater mummy
101698 | Tomb:2   | Killed a greater mummy
101708 | Tomb:2   | Killed an ancient lich
103670 | Tomb:1   | Noticed a greater mummy
103683 | Tomb:1   | Killed a greater mummy
103707 | Tomb:1   | Noticed a greater mummy
103717 | Tomb:1   | Killed a greater mummy
103756 | Tomb:1   | Noticed a greater mummy
103769 | Tomb:1   | Killed a greater mummy
104124 | Vaults:2 | Bought a bread ration for 55 gold pieces
104348 | Vaults:1 | Bought a bread ration for 65 gold pieces
104348 | Vaults:1 | Bought a bread ration for 65 gold pieces
104348 | Vaults:1 | Bought a bread ration for 65 gold pieces
104348 | Vaults:1 | Bought a bread ration for 65 gold pieces
104348 | Vaults:1 | Bought a bread ration for 65 gold pieces
104752 | Tomb:1   | Noticed a greater mummy
104770 | Tomb:1   | Killed a greater mummy
104820 | Tomb:1   | Noticed a greater mummy
104821 | Tomb:1   | Noticed a greater mummy
104842 | Tomb:1   | Killed a greater mummy
104843 | Tomb:1   | Killed a greater mummy
104892 | Tomb:1   | Noticed a greater mummy
105138 | Tomb:1   | Killed a greater mummy
105177 | Tomb:1   | Noticed a greater mummy
105207 | Tomb:1   | Noticed a greater mummy
105217 | Tomb:1   | Killed a greater mummy
105223 | Tomb:1   | Killed a greater mummy
105290 | Tomb:1   | Noticed a greater mummy
105321 | Tomb:1   | Killed a greater mummy
105350 | Tomb:1   | Noticed a greater mummy
105364 | Tomb:1   | Killed a greater mummy
105409 | Tomb:1   | Noticed a greater mummy
105419 | Tomb:1   | Killed a greater mummy
107089 | Tomb:1   | Noticed a greater mummy
107108 | Tomb:1   | Killed a greater mummy
107142 | Tomb:1   | Noticed a greater mummy
107158 | Tomb:1   | Killed a greater mummy
109279 | Tomb:3   | Entered Level 3 of the Tomb of the Ancients
109315 | Tomb:3   | Noticed a greater mummy
109328 | Tomb:3   | Noticed an ancient lich
109330 | Tomb:3   | Noticed a greater mummy
109336 | Tomb:3   | HP: 12/268 [bennu (3)]
109345 | Tomb:2   | HP: 5/268 [greater mummy (17)]
109351 | Tomb:2   | Killed a greater mummy
111995 | Tomb:3   | Noticed an ancient lich
111996 | Tomb:3   | Noticed a greater mummy
111996 | Tomb:3   | Noticed a greater mummy
111996 | Tomb:3   | Noticed a greater mummy
111996 | Tomb:3   | Noticed a greater mummy
111996 | Tomb:3   | Noticed a greater mummy
112009 | Tomb:3   | Killed a greater mummy
112013 | Tomb:3   | Killed an ancient lich
112030 | Tomb:2   | Killed an ancient lich
113059 | Lair:5   | Found a staircase to the Slime Pits.
114385 | Vaults:1 | Bought a meat ration for 65 gold pieces
114385 | Vaults:1 | Bought a meat ration for 65 gold pieces
114385 | Vaults:1 | Bought a royal jelly for 26 gold pieces
114385 | Vaults:1 | Bought a royal jelly for 26 gold pieces
114385 | Vaults:1 | Bought a royal jelly for 26 gold pieces
114385 | Vaults:1 | Bought a royal jelly for 26 gold pieces
114385 | Vaults:1 | Bought a royal jelly for 26 gold pieces
114452 | Vaults:1 | You fall through a shaft!
114977 | Tomb:3   | HP: 11/268 [greater mummy/divine providence (11)]
114986 | Tomb:3   | Killed a greater mummy
114987 | Tomb:3   | HP: 12/266 [bennu (8)]
114989 | Tomb:3   | Mangled by a reaper

Skill      XL: |  1  2  3  4  5  6  7  8  9 10 11 12 13 14 15 16 17 18 19 20 21 22 23 24 25 26 27 |
---------------+----------------------------------------------------------------------------------+-----
Spellcasting   | 2 3 4 7 9 10 12 13 14 18 | 18.1
Necromancy     | 5 7 8 11 13 14 15 16 | 16.7
Armour         | 1 3 6 9 10 11 16 17 19 20 21 22 23 | 23.7
Fighting       | 2 3 5 7 8 9 10 11 14 16 17 18 19 20 | 20.1
Evocations     | 2 4 |  4.8
Crossbows      | 1 4 5 6 7 10 12 15 18 23 | 23.5
Dodging        | 4 7 8 9 11 14 | 14.7
Axes           | 5 10 14 17 19 20 26 | 26.3
Hexes          | 3 6 |  6.4
Charms         | 5 6 |  6.3
Translocations | 2 4 |  4.0
Air Magic      | 3 5 8 |  8.5
Summonings     | 1 2 |  2.2
Conjurations   | 1 3 |  3.1
Fire Magic     | 1 2 4 |  4.1
Poison Magic   | 1 2 |  2.4
Stealth        | |  2.4

Action                   |  1- 3 |  4- 6 |  7- 9 | 10-12 | 13-15 | 16-18 | 19-21 | 22-24 | 25-27 || total
-------------------------+-------+-------+-------+-------+-------+-------+-------+-------+-------++-------
Melee: Hand axe          |    12 |   244 |   178 |    24 |   722 |   482 |       |       |       ||  1662
       Short sword       |       |       |    73 |   298 |       |       |       |       |       ||   371
       Flail             |       |       |       |    17 |       |       |       |       |       ||    17
       Demon trident     |       |       |       |       |    75 |       |       |       |       ||    75
       Staff             |       |       |       |       |    26 |    13 |    36 |    13 |    21 ||   109
       Quick blade       |       |       |       |       |     3 |       |       |       |       ||     3
       War axe           |       |       |       |       |    78 |   125 |    39 |       |       ||   242
       Battleaxe         |       |       |       |       |       |   790 |  1357 |  1457 |  1219 ||  4823
       Demon whip        |       |       |       |       |       |       |       |       |    17 ||    17
       Executioner's axe |       |       |       |       |       |       |       |       |  1070 ||  1070
 Fire: Blowgun           |       |     3 |       |       |       |       |       |       |       ||     3
       Heavy crossbow    |       |       |    15 |    97 |   108 |    80 |    52 |     5 |   868 ||  1225
       Arbalest          |       |       |       |       |       |       |       |       |     7 ||     7
Throw: Tomahawk          |       |     3 |       |     2 |       |       |       |       |       ||     5
       Javelin           |       |       |       |       |     1 |     4 |       |       |       ||     5
 Cast: Pain              |    43 |    36 |    37 |    46 |     4 |     4 |       |       |       ||   170
       Vampiric Draining |     2 |    22 |    67 |   230 |   517 |   774 |   597 |   823 |  1345 ||  4377
       Song of Slaying   |       |       |       |       |       |       |    21 |    13 |    10 ||    44
       Blink             |       |       |       |       |       |       |       |     9 |    55 ||    64
       Spectral Weapon   |       |       |       |       |       |       |       |     1 |       ||     1
       Summon Butterflie |       |       |       |       |       |       |       |     1 |       ||     1
       Conjure Flame     |       |       |       |       |       |       |       |       |     1 ||     1
       Silence           |       |       |       |       |       |       |       |       |    27 ||    27
       Mephitic Cloud    |       |       |       |       |       |       |       |       |     8 ||     8
       Ignite Poison     |       |       |       |       |       |       |       |       |     1 ||     1
Invok: Call Merchant     |       |       |     1 |     2 |     1 |     5 |     2 |     3 |     4 ||    18
       Potion Petition   |       |       |       |       |       |       |       |     1 |       ||     1
 Abil: Evoke Invisibilit |       |       |       |       |       |       |       |     4 |       ||     4
Evoke: Wand              |       |       |       |    21 |    20 |    52 |    15 |    22 |    24 ||   154
       Lamp of fire      |       |       |       |       |       |       |     1 |       |       ||     1
       Sack of spiders   |       |       |       |       |       |       |     1 |       |       ||     1
       Box of beasts     |       |       |       |       |       |       |     1 |       |       ||     1
       Phial of floods   |       |       |       |       |       |       |     2 |     3 |     3 ||     8
  Use: Scroll            |       |       |     9 |    17 |     4 |    17 |     9 |    12 |    23 ||    91
       Potion            |       |       |       |     4 |       |     7 |     3 |     7 |    25 ||    46
 Stab: Distracted        |       |     1 |     3 |     2 |     4 |     8 |    10 |     9 |    36 ||    73
       Sleeping          |       |     1 |     1 |       |       |       |       |       |       ||     2
       Paralysed         |       |       |       |     6 |       |     5 |       |     3 |       ||    14
       Confused          |       |       |       |       |       |     2 |     1 |       |       ||     3
       Invisible         |       |       |       |       |       |       |       |    18 |       ||    18
  Eat: Chunk             |     1 |     6 |       |       |       |       |       |     1 |       ||     8
       Royal jelly       |       |     3 |       |    11 |       |     1 |     5 |     3 |     3 ||    26
       Meat ration       |       |     1 |     1 |       |       |     7 |     2 |     3 |    12 ||    26
       Bread ration      |       |       |     2 |     1 |     5 |     2 |     2 |     8 |    16 ||    36
       Fruit             |       |       |       |     4 |     9 |    20 |     8 |     1 |     8 ||    50
Armor: Scale mail        |     8 |       |       |       |       |       |       |       |       ||     8
       Ring mail         |     3 |   102 |   139 |   281 |       |       |       |       |       ||   525
       Leather armour    |       |       |       |     3 |       |       |       |       |       ||     3
       Plate armour      |       |       |       |       |   899 |  1071 |   316 |       |       ||  2286
       Chain mail        |       |       |       |       |    11 |    57 |       |       |       ||    68
       Skin              |       |       |       |       |       |     5 |       |       |       ||     5
       Crystal plate arm |       |       |       |       |       |       |   626 |  1366 |  1886 ||  3878
Dodge: Dodged            |    20 |   173 |   180 |   340 |   434 |   758 |  1228 |  1623 |  3276 ||  8032
Block: Other             |       |    34 |    92 |   145 |   306 |   386 |   429 |   492 |   797 ||  2681
       Reflection        |       |       |     1 |     4 |    21 |    33 |    47 |    18 |    11 ||   135
       Shield            |       |       |       |     5 |       |       |       |       |       ||     5
